 Dungeon Crawl Stone Soup version 0.18-a0-1572-g0a86841 (webtiles) character file.

91 Oddball22 the Ducker (level 4, -1/24 HPs)
             Began as a Spriggan Warper on Mar 15, 2016.
             Killed from afar by Robin (10 damage)
             ... with a wand of flame
             ... on level 2 of the Dungeon.
             The game lasted 00:06:28 (2770 turns).

Oddball22 the Ducker (Spriggan Warper)              Turns: 2770, Time: 00:06:28

Health: -1/24      AC:  2    Str:  7    XL:     4   Next: 33%
Magic:  9/9        EV: 20    Int: 14    God:
Gold:   64         SH:  0    Dex: 16    Spells: 4 memorised, 0 levels left

rFire  . . .     SeeInvis +     o - +0 hunting sling
rCold  . . .     Gourm    .     b - +0 robe
rNeg   . . .     Faith    .     (shield restricted)
rPois  .         Spirit   .     (helmet restricted)
rElec  .         Dismiss  .     (no cloak)
rCorr  .         Reflect  .     (gloves unavailable)
SustAt .         Harm     .     (boots unavailable)
MR     .....                    (no amulet)
Stlth  +.........               (no ring)
                                (no ring)

@: very quick, not resistant to hostile enchantments, very unstealthy
A: unfitting armour, see invisible, herbivore 3, speed 3, slow metabolism 2
a: no special abilities


You were on level 2 of the Dungeon.
You were not hungry.

You visited 1 branch of the dungeon, and saw 2 of its levels.

You collected 64 gold pieces.

Inventory:

Hand Weapons
 a - a +0 short sword
 o - a +0 hunting sling (weapon)
Missiles
 e - 5 tomahawks of dispersal
 h - 29 stones (quivered)
Armour
 b - a +0 robe (worn)
Scrolls
 d - 2 scrolls of blinking
 g - 2 scrolls of remove curse {unknown}
 l - a scroll of magic mapping {unknown}
 m - a scroll of recharging {unknown}
 n - a scroll of amnesia {unknown}
 p - a scroll of fog {unknown}
Potions
 i - 2 potions of heal wounds
 k - a potion of haste {unknown}
 q - a potion of resistance {unknown}
Books
 c - a book of Spatial Translocations

   Spells                             Type                      Level
   a - Apportation                    Translocation                1
   b - Blink                          Translocation                2
   c - Shroud of Golubria             Charms/Translocation         2
   d - Portal Projectile              Translocation                3
   e - Teleport Other                 Translocation                3
   f - Passage of Golubria            Translocation                4
Comestibles
 f - 2 bread rations
 j - a slice of pizza


   Skills:
 * Level 3.0 Fighting
 - Level 2.7 Short Blades
 - Level 1.0 Throwing
 + Level 4.8 Dodging
 - Level 2.6 Spellcasting
 - Level 4.4 Translocations


You couldn't memorise any spells.
You knew the following spells:

 Your Spells              Type           Power        Failure   Level  Hunger
a - Apportation           Tloc           ##........   3%          1    #......
b - Blink                 Tloc           N/A          6%          2    ###....
c - Shroud of Golubria    Chrm/Tloc      #.........   17%         2    ###....
d - Teleport Other        Tloc           ##......     12%         3    ###....


Dungeon Overview and Level Annotations

Branches:
Dungeon (2/15)

Altars:

Annotations:
D:2 Robin


Innate Abilities, Weirdness & Mutations

You are tiny and cannot use many weapons and most armour.
You have supernaturally acute eyesight.
You are a herbivore.
You cover ground extremely quickly.
You need consume almost no food.


Message History

The puff of flame hits you!
Firing (i - inventory. (,) - cycle):
h - 32 stones (quivered)
Press: ? - help, Shift-Dir - straight line, f/p - Robin
Aim: Robin, wielding a club, wearing an animal skin, wearing a helmet and carrying a wand of flame {zapped: 3} (heavily wounded)
You shoot a stone. The stone closely misses Robin.
Firing (i - inventory. (,) - cycle):
h - 31 stones (quivered)
Press: ? - help, Shift-Dir - straight line, f/p - Robin
Aim: Robin, wielding a club, wearing an animal skin, wearing a helmet and carrying a wand of flame {zapped: 3} (heavily wounded)
You shoot a stone.
The stone hits Robin but does no damage.
Robin is heavily wounded.
Firing (i - inventory. (,) - cycle):
h - 30 stones (quivered)
Press: ? - help, Shift-Dir - straight line, f/p - Robin
Aim: Robin, wielding a club, wearing an animal skin, wearing a helmet and carrying a wand of flame {zapped: 3} (heavily wounded)
You shoot a stone.
The stone hits Robin but does no damage.
Robin is heavily wounded.
A goblin comes into view.
The goblin closely misses you.
Robin zaps a wand.
The puff of flame hits you!
You die...

.# #...)....# #g# .#####..#######
#†# .. ...)..(.# #(# .#
#######'## #.# .# # ##..g## #.#
.#.# ##....(## ####g# .#.# #
##.......## ##.##.# ... #
###.........####...#.#######.#...
..+.........g...@g....)((((((J...
###.........####...#.#######.#...
# ##.......## ##.##.# ... . #
##.....## ####.# .### # ##...##
#÷# g# # ##'## #.# gg #.# #.# gg
#.# #.# .. # ##.## #.#


You could see Robin and a goblin.

Vanquished Creatures
  A gnoll (D:2)
  3 adders (D:2)
  An ooze (D:2)
  A giant gecko (D:1)
  3 bats
  2 giant cockroaches (D:1)
  13 goblins
  5 hobgoblins
  3 jackals (D:1)
  6 kobolds
  2 ball pythons
  A giant newt (D:2)
  3 rats
44 creatures vanquished.

Notes
Turn   | Place    | Note
--------------------------------------------------------------
     0 | D:1      | Oddball22 the Spriggan Warper began the quest for the Orb.
     0 | D:1      | Reached XP level 1. HP: 10/10 MP: 5/5
   438 | D:1      | Reached XP level 2. HP: 9/15 MP: 6/6
   693 | D:1      | Learned a level 2 spell: Blink
  1514 | D:2      | Reached XP level 3. HP: 18/18 MP: 8/8
  2295 | D:2      | Reached XP level 4. HP: 13/23 MP: 9/9
  2637 | D:2      | Learned a level 2 spell: Shroud of Golubria
  2641 | D:2      | Learned a level 3 spell: Teleport Other
  2712 | D:2      | Noticed Robin
  2770 | D:2      | Killed from afar by Robin

Vault maps used:
D:1:      scummos_arrival_gate
D:2:      first_bread, uniq_robin, uniq_crazy_yiuf_cottage, uniq_iyjb,
          uniq_sigmund, uniq_terence

Skill      XL: |  1  2  3  4 |
---------------+-------------+-----
Fighting       | 2 3 |  3.0
Dodging        | 4 |  4.8
Short Blades   | |  2.7
Throwing       | |  1.0
Spellcasting   | |  2.6
Translocations | |  4.4

Action                   |  1- 3 |  4- 6 || total
-------------------------+-------+-------++-------
Melee: Short sword       |   123 |     5 ||   128
 Fire: Hunting sling     |    30 |    50 ||    80
 Stab: Sleeping          |     3 |       ||     3
